 Dungeon Crawl Stone Soup version 0.30-a0-154-gb106f4c (webtiles) character file.

Game seed: 14630965929822134535

3417 PublicAnimeNo1 the Chopper (level 9, -2/71 HPs)
             Began as a Demonspawn Cinder Acolyte on Sept 27, 2022.
             Was a Follower of Ignis.
             Slain by a death yak (10 damage)
             ... on level 8 of the Dungeon.
             The game lasted 00:15:47 (8602 turns).

PublicAnimeNo1 the Chopper (DsCA)                   Turns: 8602, Time: 00:15:48

Health: -2/71      AC:  8    Str: 14    XL:     9   Next: 76%
Magic:  15/15      EV: 18    Int: 25    God:    Ignis [*.....]
Gold:   63         SH:  3    Dex: 10    Spells: 9/16 levels left

rFire   + . .      SeeInvis .    G - +4 war axe (drain)
rCold   . . .      Faith    .    E - +0 buckler
rNeg    . . .      Spirit   .    a - +2 robe {Will+}
rPois   .          Reflect  .    (helmet restricted)
rElec   .          Harm     .    p - +2 cloak
rCorr   .          Rampage  .    (no gloves)
Will    +....                    m - +0 pair of boots
Stlth   ++........               F - amulet of regeneration
HPRegen 1.01/turn                g - +4 ring of evasion
MPRegen 0.14/turn                q - +6 ring of intelligence

@: about to teleport
A: antennae 1, repulsion field 1, foul stench 1, powered by pain 1
a: Renounce Religion, Fiery Armour, Foxfire Swarm, Rising Flame


You were on level 8 of the Dungeon.
You worshipped Ignis.
Ignis was aware of your devotion.
You visited 1 branch of the dungeon, and saw 8 of its levels.
You also visited: Sewer.

You collected 400 gold pieces.
You spent 337 gold pieces at shops.

Inventory:

Hand Weapons
 G - a +4 war axe of draining (weapon)
Armour
 a - a +2 robe of willpower (worn)
 m - a +0 pair of boots (worn)
 p - a +2 cloak (worn)
 v - a +0 cloak of willpower
 E - a +0 buckler (worn)
Jewellery
 c - a ring of ice
 g - a +4 ring of evasion (left hand)
 i - a ring of positive energy
 q - a +6 ring of intelligence (right hand)
 F - an amulet of regeneration (around neck)
Wands
 e - a wand of flame (6)
 x - a wand of charming (8)
 B - a wand of digging (1)
Scrolls
 k - 2 scrolls of enchant armour
 l - 3 scrolls of teleportation
 y - a scroll of blinking
Potions
 b - 2 potions of flight
 d - 5 potions of haste
 f - a potion of cancellation {unknown}
 j - 3 potions of invisibility
 n - 6 potions of curing
 o - 3 potions of heal wounds
 s - 2 potions of attraction
 t - a potion of ambrosia
 u - 2 potions of lignification
 w - a potion of brilliance
 C - 2 potions of mutation
 D - a potion of berserk rage {unknown}


   Skills:
 + Level 6.5 Fighting
 * Level 7.8(8.1) Axes
 - Level 2.6(5.6) Maces & Flails
 - Level 1.5(5.1) Polearms
 + Level 3.2 Dodging
 + Level 3.6 Stealth
 - Level 4.0 Spellcasting
 + Level 1.1 Necromancy
 + Level 5.7 Fire Magic


You had 9 spell levels left.
You knew the following spells:

 Your Spells              Type           Power      Damage    Failure   Level
a - Scorch                Fire           66%        2d8       1%          2
b - Necrotise             Necr           40%        1d6       8%          1
c - Animate Dead          Necr           10%        N/A       61%         4

Your spell library contained the following spells:

 Spells                   Type           Power      Damage    Failure   Level
 Sting                    Tmut/Pois      20%        1d4       12%         1
 Ensorcelled Hibernation  Hex/Ice        10%        N/A       19%         2
 Vampiric Draining        Necr           10%        2d6       24%         3
 Spider Form              Tmut/Pois      5%         N/A       36%         3
 Anguish                  Hex/Necr       3%         N/A       69%         4
 Agony                    Necr           10%        N/A       91%         5
 Borgnjor's Vile Clutch   Necr/Erth      3%         N/A       95%         5
 Alistair's Intoxication  Tmut/Pois      3%         N/A       98%         5
 Death Channel            Necr           5%         N/A       100%        6


Dungeon Overview and Level Annotations

Branches:
Dungeon (8/15)             Temple (0/1) D:7           Sewer (visited)
   Lair: D:8-11

Altars:
Cheibriados
Ru

Shops:
D:1 ((   D:2 [*   D:6 (


Innate Abilities, Weirdness & Mutations

You have a pair of small antennae on your head.
You are surrounded by a mild repulsion field. (EV +2)
You may rarely emit foul miasma when damaged in melee.
You sometimes gain a little power by taking damage.


Message History

The wight closely misses you.
You slash the wight!
You destroy the wight!
No target in view!
Things that are here:
a +0 dagger; a +0 robe
Found a dagger.
You see here a +0 dagger.
There is an escape hatch in the floor here.
You see here a +0 short sword.
You see here a +0 falchion.
Things that are here:
a +0 hand axe; a +0 scale mail
Items here: ))) [[.
You see here a +0 shortbow.
Things that are here:
+0 steam dragon scales; a +1 dagger of venom; 5 stones Done exploring.
Done exploring.
Done exploring.
(D) Dungeon (T) Temple
Where to? (Enter - D:7, ? - help)
There is an open door here.
There is a stone staircase leading down here.
You climb downwards.
There is a stone staircase leading up here.
d - 5 potions of haste (gained 1)
A death yak comes into view.
A death yak is nearby!
The death yak bellows!
A death yak comes into view.
The death yak moves out of view.
The death yak attacks as you move away! The death yak gores you!!
The death yak attacks as you move away! The death yak gores you!
As you read the scroll of teleportation, it crumbles to dust.
You feel strangely unstable. The death yak gores you!
The death yak attacks as you move away! The death yak gores you!!
* * * LOW HITPOINT WARNING * * *
The death yak attacks as you move away! The death yak gores you!
You die...

#........# # #........# #
#........# #
##$.......################
....Y..####.####..............
....##.####.####..############
... #.####.####..# .
#.####.####..# #......Y@...##
######.####..# #####.####..#
..# ##.####..# ##. ###.#######
# .....##### .....## ....#


You could see a death yak.

Vanquished Creatures
  Pikel (D:4)
  Maggie (D:7)
  A wyvern (D:6)
  A steam dragon (D:7)
  2 water moccasins
  A sky beast (D:6)
  3 black bears
  2 ogres
  3 lemures (D:4)
  A centaur (D:7)
  A phantom (D:4)
  2 kobold brigands (D:7)
  2 bullfrogs (Sewer)
  A necrophage (D:5)
  2 scorpions
  6 wights
  3 howler monkeys (D:7)
  4 jellies
  4 hounds
  An orc priest (D:5)
  Natasha (thrice) (D:4)
  3 iguanas
  3 gnolls (D:3)
  8 adders
  A shadow imp (D:7)
  2 white imps
  An ufetubus (D:6)
  2 worms
  6 dart slugs
  15 orcs
  15 ball pythons
  5 bats
  10 endoplasms
  12 giant cockroaches
  7 goblins
  5 hobgoblins
  3 jackals (D:1)
  12 quokkas
  8 frilled lizards
  14 kobolds
  6 rats
183 creatures vanquished.

Vanquished Creatures (others)
  64 foxfires
64 creatures vanquished.

Grand Total: 247 creatures vanquished

Notes
Turn   | Place    | Note
-------+----------+-------------------------------------------
     0 | D:1      | PublicAnimeNo1 the Demonspawn Cinder Acolyte began the
                  | quest for the Orb.
     0 | D:1      | Reached XP level 1. HP: 18/18 MP: 2/2
    22 | D:1      | You fall into a shaft and drop 1 floor!
    57 | D:1      | Found Fetutruh's Antique Weapon Boutique.
   100 | D:1      | Gained mutation: You are surrounded by a mild repulsion
                  | field. (EV +2) [demonic ancestry]
   100 | D:1      | Reached XP level 2. HP: 17/24 MP: 3/3
   200 | D:1      | Learned a level 2 spell: Scorch
   249 | D:1      | Reached skill level 1 in Polearms
   693 | D:1      | Found Taress's Antique Weapon Shop.
   849 | D:2      | Reached XP level 3. HP: 29/29 MP: 4/4
  1172 | D:2      | Found Ciho's Armour Shop.
  1180 | D:2      | Bought a +0 cloak for 54 gold pieces
  1422 | D:2      | Found Coiw Jue's General Store.
  1844 | D:3      | Reached XP level 4. HP: 37/37 MP: 2/5
  2064 | D:3      | Reached skill level 1 in Axes
  2195 | D:3      | Noticed a water moccasin
  2211 | D:3      | Killed a water moccasin
  2212 | D:3      | Reached skill level 2 in Axes
  2212 | D:3      | Gained mutation: You may rarely emit foul miasma when
                  | damaged in melee. [demonic ancestry]
  2212 | D:3      | Reached XP level 5. HP: 31/43 MP: 2/6
  2418 | D:3      | Reached skill level 3 in Axes
  2993 | D:4      | Found a glowing drain.
  2993 | D:4      | Noticed Natasha
  2993 | D:4      | Noticed a phantom
  3003 | D:4      | Killed Natasha
  3004 | D:4      | Gained mutation: You sometimes gain a little power by
                  | taking damage. [demonic ancestry]
  3004 | D:4      | Reached XP level 6. HP: 48/49 MP: 4/7
  3023 | Sewer    | Entered a sewer
  3683 | Sewer    | Reached skill level 5 in Fighting
  3729 | Sewer    | Reached skill level 4 in Axes
  3791 | Sewer    | Reached XP level 7. HP: 37/56 MP: 2/9
  4038 | D:4      | Noticed Natasha
  4046 | D:4      | Killed Natasha
  4051 | D:4      | Noticed Natasha
  4057 | D:4      | Killed Natasha
  4280 | D:4      | Noticed Pikel
  4931 | D:4      | Killed Pikel
  4932 | D:4      | Reached skill level 5 in Axes
  4932 | D:4      | Reached XP level 8. HP: 35/64 MP: 4/12
  5237 | D:5      | Entered Level 5 of the Dungeon
  5342 | D:5      | Found a sacrificial altar of Ru.
  5610 | D:5      | Found a snail-covered altar of Cheibriados.
  5948 | D:5      | Reached skill level 6 in Axes
  6129 | D:5      | Reached skill level 1 in Dodging
  6129 | D:5      | Reached skill level 1 in Stealth
  6536 | D:6      | Found Leiq Dor's Weapon Shoppe.
  6809 | D:6      | Reached skill level 5 in Fire Magic
  6809 | D:6      | Gained mutation: You have a pair of small antennae on your
                  | head. [demonic ancestry]
  6809 | D:6      | Reached XP level 9. HP: 69/69 MP: 9/14
  7595 | D:2      | Bought a +4 war axe of draining for 283 gold pieces
  7758 | D:7      | Reached skill level 7 in Axes
  7805 | D:7      | Noticed Maggie
  7815 | D:7      | Killed Maggie
  7845 | D:7      | Learned a level 1 spell: Necrotise
  7874 | D:7      | Learned a level 4 spell: Animate Dead
  8057 | D:7      | Got Pejufuta's Almanac of Toxicity
  8115 | D:7      | Reached skill level 1 in Necromancy
  8256 | D:7      | Found a staircase to the Ecumenical Temple.
  8586 | D:8      | Noticed a death yak
  8595 | D:8      | Noticed a death yak
  8602 | D:8      | Slain by a death yak

Illustrated notes

Levels and vault maps discovered:
D:1:      nicolae_arrival_memento_mori, layout_rooms, serial_shops, shop,
          nicolae_shop_stone
D:2:      layout_loops_ring, serial_shops, shop, shop
D:3:      layout_basic
D:4:      layout_loops_ring, cheibrodos_sewer_entry_sluice, uniq_pikel,
          uniq_natasha
D:5:      layout_loops_corners, mainiacjoe_overflow_paths, cheibriados_altar_1
D:6:      layout_basic, serial_shops, shop
D:7:      layout_basic, minmay_temple_entry_butterflies, uniq_maggie
D:8:      layout_basic, mainiacjoe_overflow_surrounded_room, dpeg_lair_monsters,
          reono_crystal_passage

Skill      XL: |  1  2  3  4  5  6  7  8  9 |
---------------+----------------------------+-----
Polearms       | 1 |  1.5
Fire Magic     | 3 4 5 |  5.7
Axes           | 2 3 4 5 6 7 |  7.8
Fighting       | 4 5 6 |  6.5
Spellcasting   | 2 3 4 |  4.0
Dodging        | 1 3 |  3.2
Stealth        | 2 3 |  3.6
Necromancy     | 1 |  1.1
Maces & Flails | |  2.6

Action                   |  1- 3 |  4- 6 |  7- 9 || total
-------------------------+-------+-------+-------++-------
Melee: Trident           |    64 |   128 |   181 ||   373
       Mace              |     2 |       |       ||     2
       Punch             |       |       |     4 ||     4
       War axe           |       |       |    68 ||    68
 Cast: Scorch            |    12 |    27 |    70 ||   109
Invok: Foxfire Swarm     |     2 |     2 |     1 ||     5
       Fiery Armour      |     1 |     1 |     2 ||     4
  Use: Scroll            |       |     2 |    19 ||    21
 Stab: Sleeping          |     1 |     1 |       ||     2
Armor: Robe              |     8 |    27 |    72 ||   107
Dodge: Dodged            |    38 |   154 |   229 ||   421
Block: Buckler           |       |       |    15 ||    15

Table legend: (Time is in decaauts)
 A = Elapsed time spent in this place.
 B = Non-inter-level travel time spent in this place.
 C = Inter-level travel time spent in this place.
 D = Time resting spent in this place.
 E = Time spent auto-exploring this place.
 F = Levels seen in this place.
 G = Mean time per level.
                   A        B        C        D        E       F      G
               +--------+--------+--------+--------+--------+-----+--------+
         Total |   8738 |   8298 |    440 |   1112 |   5765 |   9 |  970.9 |
       Dungeon |   7762 |   7322 |    440 |    622 |   5566 |   8 |  970.2 |
         Sewer |    975 |    975 |      0 |    490 |    199 |   1 |  975.0 |
               +--------+--------+--------+--------+--------+-----+--------+

Top non-repeatable levels by time:
     D:3: 1652 daAuts
     D:5: 1261 daAuts
     D:4: 1201 daAuts
     D:6: 1050 daAuts
   Sewer: 975 daAuts
     D:2: 892 daAuts
     D:1: 836 daAuts
     D:7: 773 daAuts
     D:8: 93 daAuts
